 Dungeon Crawl Stone Soup version 0.30.1 (webtiles) character file.

Game seed: 3949333025453978769

343492 AIAndy the Metallomancer (level 21, -4/122 HPs)
             Began as a Gargoyle Earth Elementalist on June 28, 2023.
             Was an Initiate of Gozag.
             Killed from afar by a Hell Sentinel (33 damage)
             ... with damnation
             ... on level 4 of the Abyss on July 2, 2023.
             The game lasted 06:49:29 (57116 turns).

AIAndy the Metallomancer (GrEE)                    Turns: 57116, Time: 06:49:30

Health: -4/122     AC: 36    Str: 12    XL:     21   Next: 65%
Magic:  6/44       EV: 13    Int: 54    God:    Gozag
Gold:   9364       SH: 18    Dex: 11    Spells: 8/59 levels left

rFire   + . .        p - +3 short sword "Omesan" {heavy, rF+ rC+ Int+5}
rCold   + + .        k - +2 kite shield {AC+3}
rNeg    + . .        A - +2 robe {Archmagi}
rPois   ∞            Y - +2 hat {Int+3}
rElec   +            q - +2 cloak
rCorr   +            U - +2 pair of gloves "Cotath" {rElec rCorr Int+7 Dex-3}
SInv    .            J - +2 pair of boots {Stlth+}
Will    +....        g - amulet of Joy {Reflect rC+ Dex+4 SH+5}
Stlth   +++          o - +6 ring of intelligence
HPRegen 0.40/turn    Z - +6 ring of intelligence
MPRegen 0.29/turn

%: reflection, archmagi
@: gold aura, flying, studying 2 skills
A: sickness immunity, AC +16, big wings, negative energy resistance 1,
electricity resistance, torment resistance 1, petrification resistance
}: 3/15 runes: decaying, abyssal, gossamer
a: Renounce Religion, Potion Petition, Call Merchant, Bribe Branch


You were on level 4 of the Abyss.
You worshipped Gozag.
Gozag was greatly pleased with you.
You visited 6 branches of the dungeon, and saw 33 of its levels.
You visited the Abyss 3 times.
You also visited: Sewer, Bailey, Ice Cave, Volcano and Desolation.

You collected 16754 gold pieces.
You spent 3985 gold pieces at shops.
You paid 3405 gold pieces to Gozag.

Inventory:

Hand Weapons
 p - the +3 short sword "Omesan" (weapon) {heavy, rF+ rC+ Int+5}
   (You found it on level 1 of the Swamp)

   Int:       It affects your intelligence (+5).
   rF:        It protects you from fire.
   rC:        It protects you from cold.
 R - a +3 sacred scourge of holy wrath
Armour
 k - a +2 kite shield of protection (worn)
 q - a +2 cloak (worn)
 y - the crystal ball of Wucad Mu {*channel}
   (You found it in the Desolation of Salt)

   *Channel:  It often returns the magic spent to cast spells, but lowers their
   success rate.
   It always returns the magic spent on miscasts.
 A - a +2 robe of the Archmagi (worn)
 J - a +2 pair of boots of stealth (worn)
 U - the +2 pair of gloves "Cotath" (worn) {rElec rCorr Int+7 Dex-3}
   (You found it on level 4 of the Lair of Beasts)

   Int:       It affects your intelligence (+7).
   Dex:       It affects your dexterity (-3).
   rElec:     It insulates you from electricity.
   rCorr:     It protects you from acid and corrosion.
 Y - a +2 hat of intelligence (worn)
Magical Staves
 X - a staff of earth
Jewellery
 a - the amulet "Iwnamelu" {RegenMP Str+3 Dex+3 Stlth+}
   (You took it off a servant of whispers in the Desolation of Salt)

   [amulet of magic regeneration]

   It increases your rate of magic regeneration.
   Str:       It affects your strength (+3).
   Dex:       It affects your dexterity (+3).
   Stlth:     It makes you more stealthy.
 d - the amulet of Zuics {Acrobat Fragile rF+ Int+3}
   (You found it in the Desolation of Salt)

   [amulet of the acrobat]

   It increases your evasion while moving and waiting.
   Int:       It affects your intelligence (+3).
   rF:        It protects you from fire.
   Fragile:   It will be destroyed if unequipped.
 g - the amulet of Joy (around neck) {Reflect rC+ Dex+4 SH+5}
   (You acquired it on level 2 of the Orcish Mines)

   [amulet of reflection]

   It reflects blocked missile attacks.
   Dex:       It affects your dexterity (+4).
   rC:        It protects you from cold.
   SH:        It affects your SH (+5).
 h - the ring of the Queen {rElec rN+ Will+++ Int-5 Slay+2}
   (You found it in an ice cave)

   [ring of positive energy]

   Int:       It affects your intelligence (-5).
   Slay:      It affects your accuracy & damage with ranged weapons and melee
   (+2).
   rElec:     It insulates you from electricity.
   rN:        It protects you from negative energy.
   Will:      It greatly increases your willpower.
 i - a ring of protection from cold
 o - a +6 ring of intelligence (left hand)
 E - the ring "Piun" {MP-9 Str-4 Int+6 Dex+7}
   (You took it off an imperial myrmidon in the Desolation of Salt)

   [ring of intelligence]

   Str:       It affects your strength (-4).
   Int:       It affects your intelligence (+6).
   Dex:       It affects your dexterity (+7).
   MP:        It affects your magic capacity (-9).
 H - the amulet "Nihugiz" {Spirit rElec rF+}
   (You found it in the Desolation of Salt)

   [amulet of guardian spirit]

   It causes incoming damage to be divided between your reserves of health and
   magic.
   rF:        It protects you from fire.
   rElec:     It insulates you from electricity.
 M - a ring of see invisible
 O - a +4 ring of protection
 S - a ring of protection from fire
 Z - a +6 ring of intelligence (right hand)
Wands
 r - a wand of quicksilver (28)
 t - a wand of flame (34)
 B - a wand of mindburst (16)
 D - a wand of digging (31)
 F - a wand of charming (9)
 L - a wand of roots (3)
Scrolls
 c - 6 scrolls of fog
 e - 2 scrolls of magic mapping
 j - 7 scrolls of teleportation
 l - 4 scrolls of enchant weapon
 m - 2 scrolls of butterflies
 v - 5 scrolls of fear
 x - 8 scrolls of amnesia
 G - 6 scrolls of poison
 P - a scroll of enchant armour
 T - 4 scrolls of blinking
Potions
 b - a potion of magic
 f - 7 potions of haste
 n - 8 potions of mutation
 s - 5 potions of might
 u - 15 potions of curing
 w - 2 potions of cancellation
 z - 3 potions of invisibility
 I - 2 potions of resistance
 N - 5 potions of ambrosia
 Q - 10 potions of brilliance
 W - 4 potions of heal wounds
Miscellaneous
 C - a phial of floods
 K - a lightning rod (4/4)


   Skills:
 - Level 10.2 Fighting
 - Level 10.3 Armour
 - Level 8.0 Dodging
 - Level 2.2 Stealth
 + Level 11.5 Shields
 + Level 19.5 Spellcasting
 + Level 20.2 Conjurations
 - Level 8.0 Summonings
 - Level 0.7 Transmutations
 + Level 22.5 Earth Magic


You had 8 spell levels left.
You knew the following spells:

 Your Spells              Type           Power      Damage    Failure   Level
a - Sandblast             Erth           100%       2d20      0%          1
b - Stone Arrow           Conj/Erth      100%       3d13      0%          3
c - Spellforged Servitor  Conj/Summ      71%        N/A       1%          7
d - Passwall              Tmut/Erth      100%       N/A       0%          2
e - Blink                 Tloc           100%       N/A       1%          2
f - Iron Shot             Conj/Erth      81%        9d15      0%          6
g - Borgnjor's Vile Clut  Necr/Erth      65%        N/A       1%          5
h - Lee's Rapid Deconstr  Erth           82%        3d37*     0%          5
i - Orb of Destruction    Conj           79%        9d18      1%          7
j - Iskenderun's Battles  Conj           100%       2d15      0%          5
k - Lehudib's Crystal Sp  Conj/Erth      81%        10d18     1%          8

Your spell library contained the following spells:

 Spells                   Type           Power      Damage    Failure   Level
 Foxfire                  Conj/Fire      100%       2x1d9     0%          1
 Kiss of Death            Conj/Necr      100%       2d13      0%          1
 Momentum Strike          Conj/Tloc      100%       3d10      0%          2
 Animate Armour           Summ/Erth      100%       N/A       0%          4
 Beastly Appendage        Tmut           100%       N/A       1%          1
 Freeze                   Ice            100%       1d10      1%          1
 Necrotise                Necr           100%       1d9       1%          1
 Summon Small Mammal      Summ           100%       N/A       1%          1
 Call Imp                 Summ           100%       N/A       1%          2
 Lesser Beckoning         Tloc           100%       N/A       1%          2
 Call Canine Familiar     Summ           100%       N/A       1%          3
 Confusing Touch          Hex            68%        N/A       1%          3
 Dazzling Flash           Conj/Hex       100%       N/A       1%          3
 Frozen Ramparts          Ice            100%       1d16      1%          3
 Hailstorm                Conj/Ice       100%       3d20      1%          3
 Ignite Poison            Fire/Tmut/Pois 70%        N/A       1%          3
 Inner Flame              Hex/Fire       68%        N/A       1%          3
 Ozocubu's Armour         Ice            68%        N/A       1%          3
 Summon Guardian Golem    Hex/Summ       97%        N/A       1%          3
 Teleport Other           Tloc           68%        N/A       1%          3
 Vhi's Electric Charge    Tloc/Air       100%       N/A       1%          3
 Leda's Liquefaction      Hex/Erth       65%        N/A       1%          4
 Petrify                  Tmut/Erth      100%       N/A       1%          4
 Fireball                 Conj/Fire      63%        3d24      1%          5
 Freezing Cloud           Conj/Ice/Air   56%        6-21      1%          5
 Conjure Ball Lightning   Conj/Air       63%        3x3d23    1%          6
 Summon Mana Viper        Hex/Summ       97%        N/A       3%          5
 Anguish                  Hex/Necr       34%        N/A       6%          4
 Cause Fear               Hex            34%        N/A       6%          4
 Dispel Undead            Necr           68%        3d23      6%          4
 Manifold Assault         Tloc           68%        N/A       6%          4
 Passage of Golubria      Tloc           68%        N/A       6%          4
 Blade Hands              Tmut           37%        N/A       12%         5
 Alistair's Intoxication  Tmut/Pois      47%        N/A       14%         5
 Yara's Violent Unravell  Hex/Tmut       35%        3d14      14%         5
 Agony                    Necr           68%        N/A       17%         5
 Silence                  Hex/Air        34%        N/A       17%         5
 Eringya's Noxious Bog    Tmut/Pois      35%        N/A       61%         6
 Death Channel            Necr           34%        N/A       67%         6
 Dragon Form              Tmut           37%        N/A       98%         7
 Enfeeble                 Hex            34%        N/A       99%         7
 Ozocubu's Refrigeration  Ice            34%        4d15      99%         7
 Storm Form               Tmut/Air       35%        N/A       99%         7
 Infestation              Necr           34%        N/A       100%        8
 Dragon's Call            Summ           59%        N/A       100%        9
 Cigotuvi's Dreadful Rot  Necr/Pois/Air  Unusable   N/A       N/A         2
 Statue Form              Tmut/Erth      Unusable   N/A       N/A         6
 Animate Dead             Necr           Unusable   N/A       N/A         4

Dungeon Overview and Level Annotations

Branches:
Dungeon (15/15)            Temple (0/1) D:7            Lair (5/5) D:10
  Swamp (4/4) Lair:3       Spider (4/4) Lair:3        Slime (0/5) Lair:4
    Orc (2/2) D:9             Elf (3/3) Orc:2        Vaults (0/5) D:13
 Depths (0/4) D:15          Sewer (visited)          Bailey (visited)
  IceCv (visited)         Volcano (visited)         Desolation (visited)

Altars:
Ashenzari
Elyvilon
Fedhas
Gozag
Hepliaklqana
Kikubaaqudgha
Makhleb
Nemelex Xobeh
Okawaru
Sif Muna
Trog
Vehumet
Yredelemnul
Zin

Shops:
D:5 [   D:14 (   D:15 *::   Orc:2 *((*   Elf:1 [(   Elf:2 :   Swamp:4 [

Annotations:
Lair:1 3 runed translucent doors, Oliecril's ghost, novice DrVM


Innate Abilities, Weirdness & Mutations

You are immune to sickness and miasma.
Your stone body is resilient. (AC +16)
You are immune to poison.
Your large and strong wings let you fly.
You resist negative energy. (rN+)
You are resistant to electric shocks. (rElec)
You are resistant to unholy torment.
You are immune to petrification.


Message History

You blow up the lich!
A Hell Sentinel comes into view.
The Hell Sentinel roars!
The Hell Sentinel gestures at you.
The sphere of damnation explodes!
The damnation engulfs you!!!
The damnation engulfs your spellforged servitor!!
Your spellforged servitor is destroyed!
Your spellforged servitor disappears in a puff of smoke!
The damnation engulfs the Hell Sentinel.
The Hell Sentinel completely resists.
You see here 18 gold pieces.
You see here 25 gold pieces.
You now have 9364 gold pieces (gained 25).
The Hell Sentinel gestures at you.
You block iron shot... and reflect it back!
The iron shot hits the Hell Sentinel!!!
Okay, then.
Unknown command.
Unknown command.
The Hell Sentinel attacks as you move away!
The Hell Sentinel hits you but does no damage.
You block the Hell Sentinel's attack.
A bone dragon comes into view.
The Hell Sentinel attacks as you move away!
The Hell Sentinel completely misses you.
The Hell Sentinel hits you but does no damage.
The Hell Sentinel gestures at you.
The sphere of damnation explodes!
The damnation engulfs you!!! The Hell Sentinel gestures at you.
The sphere of damnation explodes!
The damnation engulfs you!!
* * * LOW HITPOINT WARNING * * *
Found a gateway leading deeper into the Abyss.
The Hell Sentinel gestures at you.
The sphere of damnation explodes!
The damnation engulfs you!!
* * * LOW HITPOINT WARNING * * *
You feel much better. The Hell Sentinel gestures at you.
The sphere of damnation explodes!
The damnation engulfs you!!
You die...
Your body crumbles into a pile of gold.

#.#$....#
###..$# # ##.##
# #...# #. #.
#3# ###.# #.
##.## #....##.
##...##
#.....####1....#
#..>..@........#
#.....####.....#
##...# ##...##
#### #####


You could see a Hell Sentinel.

Vanquished Creatures
  Bai Suzhen (Spider:4)
  Nikola (Spider:4)
  Arachne (Spider:3)
  A bone dragon (Swamp:4)
  A lich (Abyss:4)
  2 tentacled monstrosities
  Kirke (D:14)
  Roxanne (D:14)
  A fenstrider witch (Swamp:3)
  A revenant (Abyss:2)
  5 deep elf sorcerers
  4 ghost moths
  7 emperor scorpions
  A draconian knight (IceCv)
  2 imperial myrmidons (Desolation)
  3 deep elf elementalists (Elf:3)
  5 broodmothers
  4 deep elf annihilators (Elf:3)
  3 deep elf demonologists (Elf:3)
  5 eleionomae
  3 spark wasps
  5 white draconians (IceCv)
  A halazid warlock (Desolation)
  4 deep elf death magi
  A crystal guardian (Desolation)
  Snorg (Lair:4)
  2 bunyips
  3 ragged hierophants (Desolation)
  6 entropy weavers
  A deep elf high priest (Elf:3)
  5 servants of whispers (Desolation)
  A rakshasa (D:14)
  Harold (Lair:2)
  3 catoblepae
  17 hydras
  3 radroaches
  A jorogumo (Spider:3)
  6 peacekeepers
  2 centaur warriors (D:13)
  8 ghost crabs
  7 alligators
  10 two-headed ogres
  Erica (Orc:1)
  15 dancing weapons
  2 ogre magi
  8 boulder beetles
  A deep troll shaman (Lair:5)
  22 death yaks
  2 tengu warriors
  A hell hog (Abyss:4)
  5 orc high priests (Orc:2)
  A thrashing horror (Abyss:4)
  Nergalle (Lair:2)
  13 deep elf knights
  Sonja (D:11)
  A sun demon (Abyss:4)
  10 spriggans
  4 fire crabs (Lair:4)
  A skyshark (Lair:5)
  A wretched star (Abyss:4)
  3 skeletal warriors
  6 pharaoh ants
  A death drake (Abyss:4)
  A goliath frog (Swamp:2)
  A glowing orange brain (Abyss:4)
  8 orb spiders
  2 sun moths
  4 bog bodies
  4 slime creatures (D:12)
  3 spriggan druids
  3 ironbound convokers (Desolation)
  An orc knight (D:15)
  17 deep elf archers
  5 necromancers
  A wizard (D:15)
  A spectral hydra (Swamp:4)
  2 phantasmal warriors (Swamp:4)
  2 lindwurms
  An orange crystal statue (IceCv)
  4 swamp dragons
  An anaconda skeleton (Volcano)
  25 deep elf pyromancers
  7 large abominations
  7 steelbarb worms
  25 wolf spiders
  16 deep elf zephyrmancers
  3 oklob plants
  6 orc sorcerers
  28 ugly things
  3 will-o-the-wisps
  3 cyclopes
  6 manticores
  A guardian serpent (Desolation)
  2 moths of wrath
  A naga mage (D:15)
  12 elephants
  7 black mambas
  2 cane toads
  2 ice statues (Spider:1)
  A molten gargoyle (Desolation)
  3 smoke demons
  12 demonic crawlers
  5 storm dragon simulacra (IceCv)
  5 torpor snails
  5 centaur skeletons
  3 apocalypse crabs
  An unseen horror (D:12)
  6 gargoyles
  An orc skeleton (Abyss:2)
  7 komodo dragons
  Maggie (D:6)
  7 swamp worm zombies (Swamp:4)
  3 rime drakes
  6 yaktaurs
  A redback zombie (D:15)
  A tengu conjurer (D:14)
  3 ancient zymes
  2 hydra zombies (Swamp:4)
  4 catoblepas skeletons (Abyss:4)
  13 trolls
  4 bloated husks
  12 tyrant leeches
  5 golden dragon simulacra (IceCv)
  3 meliai (Spider:1)
  Grinder (D:3)
  9 hornets
  6 polar bears
  Prince Ribbit (D:7)
  A harpy skeleton (Volcano)
  40 saltlings
  A raiju (Abyss:4)
  28 tarantellas
  14 blink frogs
  4 spectral swamp dragons (Swamp:4)
  An alligator zombie (Swamp:4)
  9 dream sheep
  4 air elementals
  3 flying skulls (Volcano)
  29 jumping spiders
  3 alligator skeletons (Volcano)
  5 wraiths
  A ynoxinul (Abyss:4)
  2 shadows
  3 centaur simulacra
  A hog (D:14)
  2 water elementals
  A vampire (Bailey)
  25 culicivoras
  40 yaks
  A wyvern (Lair:3)
  5 basilisks
  A human (shapeshifter) (Elf:2)
  Eustachio (D:6)
  A golden eye (Abyss:2)
  29 redbacks
  21 vampire mosquitoes
  A steam dragon (D:6)
  3 wargs
  20 swamp worms
  Edmund (D:6)
  3 small abominations
  14 water moccasins
  19 orc warriors
  5 swamp dragon zombies (Swamp:4)
  4 ice beasts
  Pargi (Sewer)
  2 sky beasts (D:8)
  A black bear (D:4)
  8 ogres
  A boggart (D:13)
  5 ice dragon simulacra (IceCv)
  17 wolves
  13 centaurs
  7 phantoms
  16 bullfrogs
  6 kobold brigands
  2 elf zombies (Elf:1)
  A gnoll sergeant (D:9)
  9 earth elementals
  4 scorpions
  7 wights (D:8)
  5 killer bees
  6 lindwurm simulacra (IceCv)
  7 vampire bats (Bailey)
  A howler monkey (D:10)
  7 wolf zombies (Bailey)
  2 spriggan skeletons (Volcano)
  An electric eel (Lair:2)
  2 troll skeletons (Volcano)
  29 orc priests
  3 hounds
  A jelly (D:4)
  2 gnoll boudas
  An iron imp (Abyss:2)
  2 sleepcaps
  4 starcursed masses (Abyss:2)
  3 iguanas
  29 orc wizards
  A spectral swamp drake (Swamp:4)
  A boggart skeleton (D:13)
  2 lightning spires (Swamp:2)
  2 naga skeletons (Volcano)
  10 gnolls
  2 swamp drake zombies (Swamp:4)
  4 adders
  2 shadow imps
  4 white imps
  An ufetubus (D:6)
  A worm (D:4)
  10 dart slugs
  60 orcs
  8 bats
  5 endoplasms
  2 giant cockroaches (D:4)
  8 goblins
  11 hobgoblins
  2 jackals (D:1)
  A quokka (D:5)
  12 ball pythons
  A frilled lizard (Sewer)
  23 kobolds
  20 orc zombies (Bailey)
  3 rats
  A ball lightning (Swamp:2)
  A fire vortex (Lair:2)
1338 creatures vanquished.

Vanquished Creatures (collateral kills)
  A bone dragon (Abyss:4)
  A deep elf blademaster (Elf:3)
  A tentacled starspawn (Abyss:4)
  3 imperial myrmidons (Desolation)
  2 deep elf sorcerers (Elf:3)
  An angel (Abyss:4)
  A balrug (Abyss:4)
  A war gargoyle (Abyss:4)
  A deep elf annihilator (Elf:3)
  A deep elf death mage (Elf:3)
  2 deep elf high priests (Elf:3)
  5 ragged hierophants (Desolation)
  3 servants of whispers (Desolation)
  3 peacekeepers (Desolation)
  A rakshasa (Abyss:2)
  A catoblepas (Abyss:4)
  A boulder beetle (Abyss:4)
  A thrashing horror (Abyss:2)
  A soul eater (Abyss:2)
  A sun demon (Abyss:4)
  15 dancing weapons
  2 deep elf knights
  A spatial maelstrom (Abyss:2)
  4 deep elf archers
  An ironbound convoker (Desolation)
  3 deep elf pyromancers
  A necromancer (Abyss:2)
  9 deep elf zephyrmancers
  A worldbinder (Abyss:2)
  7 large abominations
  4 guardian serpents (Desolation)
  A smoke demon (Abyss:4)
  2 apocalypse crabs
  An efreet (Abyss:2)
  2 ancient zymes
  2 catoblepas skeletons (Abyss:4)
  A hellwing (Abyss:2)
  24 saltlings (Desolation)
  A blink frog (Abyss:2)
  2 air elementals (Elf:3)
  A water elemental (Elf:3)
  A ynoxinul (Abyss:2)
  A vampire (Abyss:2)
  10 starcursed masses (Abyss:2)
  A neqoxec (Abyss:2)
  4 small abominations
  2 earth elementals (Abyss:4)
  An iron imp (Abyss:4)
  A lurking horror (Abyss:2)
  2 starspawn tentacles (Abyss:4)
140 creatures vanquished.

Vanquished Creatures (others)
  A wolf spider (Spider:4)
  A bloated husk (Swamp:4)
  A jumping spider (Spider:4)
  A golden eye (Abyss:4)
  3 humans (D:14)
  A phantom (Swamp:4)
  A ball lightning (Swamp:2)
  4 starspawn tentacles (Abyss:4)
13 creatures vanquished.

Grand Total: 1491 creatures vanquished

Notes
Turn   | Place    | Note
-------+----------+-------------------------------------------
     0 | D:1      | AIAndy the Gargoyle Earth Elementalist began the quest for
                  | the Orb.
     0 | D:1      | Reached XP level 1. HP: 10/10 MP: 3/3
   272 | D:1      | Reached XP level 2. HP: 15/15 MP: 0/5
   353 | D:1      | Reached skill level 4 in Earth Magic
  1234 | D:2      | Reached XP level 3. HP: 18/19 MP: 2/6
  1825 | D:3      | Found an opulent altar of Gozag.
  1846 | D:3      | Became a worshipper of Gozag Ym Sagoz the Greedy
  1937 | D:3      | Learned a level 3 spell: Stone Arrow
  1988 | D:3      | Reached XP level 4. HP: 23/24 MP: 6/8
  2120 | D:3      | Found a broken altar of Ashenzari.
  2570 | D:3      | Noticed Grinder
  2573 | D:3      | Paralysed by Grinder for 5 turns
  2579 | D:3      | Killed Grinder
  2580 | D:3      | Reached skill level 6 in Earth Magic
  2580 | D:3      | Reached XP level 5. HP: 23/28 MP: 6/11
  2580 | D:3      | Reached XP level 6. HP: 27/32 MP: 6/12
  2993 | D:4      | Found a glowing drain.
  2994 | D:4      | Noticed an ice beast
  3002 | D:4      | Killed an ice beast
  3028 | Sewer    | Entered a sewer
  3106 | Sewer    | Noticed Pargi
  3109 | Sewer    | Killed Pargi
  3110 | Sewer    | Reached skill level 5 in Spellcasting
  3110 | Sewer    | Reached skill level 7 in Earth Magic
  3110 | Sewer    | Reached XP level 7. HP: 36/36 MP: 12/14
  3636 | D:4      | Found a hazy altar of Hepliaklqana.
  4038 | D:5      | Entered Level 5 of the Dungeon
  4044 | D:5      | Reached skill level 8 in Earth Magic
  4149 | D:5      | Learned a level 4 spell: Petrify
  4154 | D:5      | Reached XP level 8. HP: 41/41 MP: 12/17
  4236 | D:5      | Found a burning altar of Makhleb.
  4488 | D:5      | Reached skill level 9 in Earth Magic
  4600 | D:5      | Found Cistigg's Armour Boutique.
  4855 | D:5      | Found a basalt altar of Yredelemnul.
  4856 | D:5      | Found a bloodstained altar of Trog.
  5077 | D:5      | Learned a level 2 spell: Passwall
  5178 | D:6      | Noticed Edmund
  5187 | D:6      | Killed Edmund
  5269 | D:6      | Noticed Maggie
  5281 | D:6      | Killed Maggie
  5331 | D:6      | Noticed a wraith
  5349 | D:6      | Reached skill level 10 in Earth Magic
  5349 | D:6      | Reached XP level 9. HP: 45/45 MP: 15/20
  5711 | D:6      | Noticed Eustachio
  5716 | D:6      | Killed Eustachio
  5749 | D:6      | Identified the +4 dagger "Uloomun" {spect, *Rage rElec
                  | Str+4 Dex+4}
  6140 | D:7      | Found a staircase to the Ecumenical Temple.
  6158 | D:7      | Reached skill level 11 in Earth Magic
  6174 | D:7      | Found a flagged portal.
  6191 | Bailey   | Entered a bailey
  6346 | Bailey   | Noticed a gargoyle
  6357 | Bailey   | Killed a gargoyle
  6412 | Bailey   | Identified the +5 scale mail of Masochism {rF- rN+ Str+2}
  6557 | Bailey   | Got the Codex of Production
  6561 | Bailey   | Learned a level 2 spell: Blink
  6776 | Bailey   | Reached skill level 1 in Conjurations
  6848 | Bailey   | Reached XP level 10. HP: 35/50 MP: 7/23
  7536 | D:7      | Noticed Prince Ribbit
  7540 | D:7      | Killed Prince Ribbit
  7866 | D:8      | Reached skill level 10 in Spellcasting
  7930 | D:8      | Reached skill level 5 in Conjurations
  7958 | D:8      | Found a blossoming altar of Fedhas.
  8214 | D:8      | Found an ancient bone altar of Kikubaaqudgha.
  8261 | D:8      | Found a shimmering blue altar of Sif Muna.
  8268 | D:8      | Found a radiant altar of Vehumet.
  8273 | D:8      | Got Sif Muna's Secrets of Moulding
  8297 | D:8      | Learned a level 6 spell: Iron Shot
  8502 | D:8      | Found an iron altar of Okawaru.
  8688 | D:8      | Reached skill level 12 in Earth Magic
  9089 | D:9      | Reached XP level 11. HP: 41/54 MP: 19/25
  9764 | D:9      | Found a staircase to the Orcish Mines.
 10040 | D:9      | Found a white marble altar of Elyvilon.
 10267 | D:10     | Entered Level 10 of the Dungeon
 10444 | D:10     | Found a staircase to the Lair.
 10606 | D:10     | Noticed a two-headed ogre
 10656 | D:10     | Killed a two-headed ogre
 10746 | D:10     | Noticed a two-headed ogre
 10752 | D:10     | Killed a two-headed ogre
 11152 | D:10     | Reached skill level 13 in Earth Magic
 11452 | D:10     | Learned a level 5 spell: Borgnjor's Vile Clutch
 11649 | D:10     | Noticed a two-headed ogre
 11655 | D:10     | Killed a two-headed ogre
 12115 | D:11     | Noticed Sonja
 12301 | D:11     | Noticed a manticore
 12305 | D:11     | Killed a manticore
 12306 | D:11     | Reached skill level 10 in Conjurations
 12423 | D:11     | Noticed a boulder beetle
 12428 | D:11     | Killed a boulder beetle
 12429 | D:11     | Reached XP level 12. HP: 59/59 MP: 11/27
 12663 | D:11     | Killed Sonja
 12876 | D:11     | Noticed a two-headed ogre
 12880 | D:11     | Killed a two-headed ogre
 13367 | D:12     | Reached skill level 14 in Earth Magic
 14124 | Lair:1   | Entered Level 1 of the Lair of Beasts
 14223 | Lair:1   | Noticed Oliecril's ghost (novice DrVM)
 14226 | Lair:1   | Noticed a minotaur
 14227 | Lair:1   | Noticed a five-headed hydra
 14457 | Lair:1   | Found a runed translucent gate.
 14458 | Lair:1   | Found a runed translucent gate.
 14459 | Lair:1   | Found a runed translucent gate.
 15070 | Lair:2   | Found a dark tunnel.
 15079 | Volcano  | Entered a volcano
 15100 | Volcano  | Reached XP level 13. HP: 56/63 MP: 25/29
 15173 | Volcano  | Reached skill level 15 in Earth Magic
 16341 | Lair:2   | Noticed Harold
 16726 | Lair:2   | Noticed Nergalle
 16737 | Lair:2   | Killed Nergalle
 16987 | Lair:2   | Identified the +8 mace "Ruemops" {freeze, rF+ Will+}
 17066 | Lair:2   | Killed Harold
 17242 | Lair:3   | Reached skill level 16 in Earth Magic
 17523 | Lair:3   | Found a hole to the Spider Nest.
 17557 | Lair:3   | Reached skill level 1 in Fighting
 17562 | Lair:3   | Reached skill level 1 in Armour
 17710 | Lair:3   | Gained mutation: Your large and strong wings let you fly.
                  | [Gargoyle growth]
 17710 | Lair:3   | Reached XP level 14. HP: 65/71 MP: 6/31
 18059 | Lair:3   | Found a staircase to the Swamp.
 18685 | Lair:4   | Found a staircase to the Slime Pits.
 18789 | Lair:4   | Found a runed translucent door.
 19057 | Lair:4   | Identified the +0 leather armour "Puag" {rC+ Str+3 Int+6}
 19058 | Lair:4   | Noticed Snorg
 19063 | Lair:4   | Killed Snorg
 20211 | Lair:4   | Identified the ring "Kasey" {Will+ Dex+6}
 20215 | Lair:4   | Identified the +2 pair of gloves "Cotath" {rElec rCorr
                  | Int+7 Dex-3}
 20331 | Lair:5   | Entered Level 5 of the Lair of Beasts
 20441 | Lair:5   | Upgraded the game from 0.30.0-30-g96aa6591b8 to 0.30.1
 20642 | Lair:5   | Reached skill level 5 in Fighting
 20642 | Lair:5   | Reached skill level 5 in Armour
 20667 | Lair:5   | Reached skill level 17 in Earth Magic
 20673 | Lair:5   | Reached XP level 15. HP: 73/82 MP: 5/33
 20860 | Lair:5   | Found a glowing silver altar of Zin.
 21203 | Lair:5   | Reached skill level 15 in Conjurations
 21979 | Lair:5   | Reached skill level 5 in Dodging
 22321 | Lair:5   | Learned a level 5 spell: Lee's Rapid Deconstruction
 22759 | Orc:1    | Entered Level 1 of the Orcish Mines
 22786 | Orc:1    | Paralysed by an orc sorcerer for 3 turns
 22854 | Orc:1    | Noticed Erica
 22857 | Orc:1    | Killed Erica
 23234 | Orc:2    | Entered Level 2 of the Orcish Mines
 23595 | Orc:2    | Found Zasehec's Antique Weapon Boutique.
 23595 | Orc:2    | Found Qiagoc's General Store.
 23595 | Orc:2    | Found Zeumiy's General Store.
 23595 | Orc:2    | Found Aneropra's Antique Weapon Shop.
 23615 | Orc:2    | Found a staircase to the Elven Halls.
 23976 | Orc:2    | Bought a scroll of identify for 28 gold pieces
 23984 | Orc:2    | Bought a scroll of identify for 26 gold pieces
 23984 | Orc:2    | Identified a scroll of acquirement
 24157 | Orc:2    | Acquired the amulet of Joy {Reflect rC+ Dex+4 SH+5}
 24497 | Orc:2    | Bought a masterwork falchion for 144 gold pieces
 24497 | Orc:2    | Identified the +3 falchion "Conservator" {heavy, rF- Str+5}
                  | (You bought it in a shop on level 2 of the Orcish Mines)
 24498 | Orc:2    | Bought a fading great sword for 207 gold pieces
 24498 | Orc:2    | Identified the +5 great sword "Umi Koi" {freeze, rPois
                  | Will+ Dex+2} (You bought it in a shop on level 2 of the
                  | Orcish Mines)
 24685 | Spider:1 | Entered Level 1 of the Spider Nest
 24873 | Spider:1 | Reached XP level 16. HP: 92/92 MP: 25/34
 25187 | Spider:1 | Found a frozen archway.
 25234 | IceCv    | Entered an ice cave
 25710 | IceCv    | Reached skill level 18 in Earth Magic
 26017 | IceCv    | Identified the ring of Kynesch Leoq {rN+ Will+}
 26088 | IceCv    | Identified the ring of the Queen {rElec rN+ Will+++ Int-5
                  | Slay+2}
 26740 | Spider:1 | Learned a level 7 spell: Orb of Destruction
 28478 | Spider:2 | Reached skill level 15 in Spellcasting
 29558 | Spider:3 | Identified the +0 robe of the Hart {+Inv Dex+3}
 29558 | Spider:3 | Noticed Arachne
 30175 | Spider:3 | Reached XP level 17. HP: 100/100 MP: 11/36
 30643 | Spider:3 | Killed Arachne
 32455 | Spider:3 | Learned a level 5 spell: Iskenderun's Battlesphere
 32515 | Spider:4 | Entered Level 4 of the Spider Nest
 32530 | Spider:4 | Noticed Nikola
 32534 | Spider:4 | Killed Nikola
 32535 | Spider:4 | Noticed Bai Suzhen
 34592 | Spider:4 | Reached skill level 10 in Armour
 35196 | Spider:4 | Reached skill level 19 in Earth Magic
 35317 | Spider:4 | Reached skill level 10 in Fighting
 35905 | Spider:4 | Identified the +3 rapier of Oenomania {freeze, rC+ rCorr}
 35910 | Spider:4 | Killed Bai Suzhen
 36466 | Spider:4 | Got a gossamer rune of Zot
 36570 | Spider:4 | Identified the +0 pair of gloves "Banokhlye" {rC+}
 37056 | Swamp:1  | Entered Level 1 of the Swamp
 37075 | Swamp:1  | Identified the +3 short sword "Omesan" {heavy, rF+ rC+
                  | Int+5}
 37616 | Swamp:1  | Reached XP level 18. HP: 108/108 MP: 30/37
 38695 | Swamp:2  | Noticed a tentacled monstrosity
 38746 | Swamp:2  | Killed a tentacled monstrosity
 39159 | Swamp:2  | Reached skill level 1 in Shields
 39843 | Swamp:3  | Learned a level 8 spell: Lehudib's Crystal Spear
 40625 | Swamp:4  | Entered Level 4 of the Swamp
 41331 | Swamp:4  | Reached skill level 20 in Earth Magic
 41634 | Swamp:4  | Noticed a bone dragon
 41795 | Swamp:4  | Killed a bone dragon
 42158 | Swamp:4  | Noticed a tentacled monstrosity
 42163 | Swamp:4  | Killed a tentacled monstrosity
 42538 | Swamp:4  | Reached skill level 5 in Shields
 42804 | Swamp:4  | Got a decaying rune of Zot
 43234 | Swamp:4  | Identified the +0 tower shield of Lifelessness {rN+ Str-4
                  | Int+7}
 43516 | Swamp:4  | Bought a pair of glowing boots for 330 gold pieces
 43529 | Swamp:4  | Bought a ripped robe for 250 gold pieces
 43529 | Swamp:4  | Identified the +1 robe of the Grue {-Tele rElec Regen+
                  | Str-2} (You bought it in a shop on level 4 of the Swamp)
 43529 | Swamp:4  | Bought a tattered robe for 250 gold pieces
 43529 | Swamp:4  | Identified the +1 robe of Exclusion {Regen+ Dex+3} (You
                  | bought it in a shop on level 4 of the Swamp)
 43530 | Swamp:4  | Bought a pitted hat for 396 gold pieces
 43530 | Swamp:4  | Identified the +0 hat of the Land of Plenty {*Corrode
                  | Int+4} (You bought it in a shop on level 4 of the Swamp)
 43531 | Swamp:4  | Bought a pair of fading gloves for 418 gold pieces
 43531 | Swamp:4  | Identified the +2 pair of gloves of Grace {Drain rF++ Str+2
                  | Int+3} (You bought it in a shop on level 4 of the Swamp)
 44094 | D:13     | Found a gate to the Vaults.
 45019 | D:14     | Reached XP level 19. HP: 112/112 MP: 9/39
 45168 | D:14     | Noticed Kirke
 45171 | D:14     | Killed Kirke
 45476 | D:14     | Found Jetouto's Weapon Shoppe.
 45726 | D:14     | Noticed Roxanne
 45729 | D:14     | Killed Roxanne
 45853 | D:14     | Found a sparkling altar of Nemelex Xobeh.
 46172 | D:15     | Entered Level 15 of the Dungeon
 46174 | D:15     | Found Kioriuj's Assorted Antiques.
 46182 | D:15     | Bought a potion of heal wounds for 140 gold pieces
 46182 | D:15     | Bought a scroll of blinking for 210 gold pieces
 46296 | D:15     | Found a broken altar of Ashenzari.
 47506 | D:15     | Found an ancient bone altar of Kikubaaqudgha.
 47962 | D:15     | Found a staircase to the Depths.
 48091 | D:15     | Bought a manual of Spellcasting for 1040 gold pieces
 48095 | D:15     | Bought a book of Power for 546 gold pieces
 48104 | D:15     | Learned a level 7 spell: Spellforged Servitor
 48328 | Elf:1    | Entered Level 1 of the Elven Halls
 48333 | Elf:1    | Reached skill level 1 in Summonings
 49451 | Elf:1    | Reached skill level 21 in Earth Magic
 49874 | Elf:1    | Found Enuteiz's Weapon Boutique.
 50006 | Elf:1    | Got Widatoiph's Enchiridion on Spectres
 50179 | Elf:1    | Found Ra's Dragon-Slaying Spoils.
 50505 | Elf:2    | Found a crumbling gateway.
 50529 | Desolati | Entered the Desolation of Salt
 50547 | Desolati | Found the crystal ball of Wucad Mu {*channel}
 50596 | Desolati | Reached XP level 20. HP: 91/117 MP: 1/41
 50665 | Desolati | Identified the amulet "Iwnamelu" {RegenMP Str+3 Dex+3
                  | Stlth+}
 50793 | Desolati | Identified the +0 morningstar "Log Jiaq" {drain, Str+2}
 50797 | Desolati | Reached skill level 5 in Summonings
 51433 | Desolati | Identified the +1 ring mail of Ikot {rF- rCorr MP+9 Str+2}
 51722 | Desolati | Got Lawuf's Exposition on Accelerants and Congelation
 51723 | Desolati | Identified the amulet of Zuics {Acrobat Fragile rF+ Int+3}
 51898 | Desolati | Identified the +1 scale mail of Daffodils {Rampage Regen+
                  | Int+3}
 51909 | Desolati | Got the Handbook of Geometric Metal
 51966 | Desolati | Identified the ring "Piun" {MP-9 Str-4 Int+6 Dex+7}
 52225 | Desolati | Identified the amulet "Nihugiz" {Spirit rElec rF+}
 52241 | Desolati | Identified the +1 pair of gloves of the Lion {rElec rPois}
 52848 | Elf:2    | Identified the +1 mace "Gybletz" {freeze, rCorr}
 53438 | Elf:2    | Found Wasaovy's Tremendous Tomes.
 54026 | Elf:2    | Found a runed translucent gate.
 54026 | Elf:2    | Found a runed translucent gate.
 54026 | Elf:2    | Found a runed translucent gate.
 54076 | Abyss:2  | Cast into level 2 of the Abyss (+1 trident of distortion)
 54353 | Elf:2    | Escaped the Abyss
 55014 | Elf:3    | Entered Level 3 of the Elven Halls
 55052 | Elf:3    | Reached skill level 10 in Shields
 55058 | Elf:3    | Reached XP level 21. HP: 119/122 MP: 19/43
 55552 | Abyss:2  | Cast into level 2 of the Abyss (a deep elf demonologist)
 55593 | Abyss:2  | Found a corrupted altar of Lugonu.
 55597 | Abyss:2  | Found a corrupted altar of Lugonu.
 55597 | Abyss:2  | Found a corrupted altar of Lugonu.
 55601 | Abyss:2  | Found a corrupted altar of Lugonu.
 55716 | Abyss:2  | Noticed a dread lich
 55724 | Abyss:2  | Paralysed by a dread lich for 4 turns
 55731 | Abyss:2  | Reached skill level 22 in Earth Magic
 55741 | Abyss:2  | Paralysed by something for 2 turns
 55766 | Abyss:3  | Found a corrupted altar of Lugonu.
 55777 | Abyss:4  | Found a corrupted altar of Lugonu.
 56021 | Abyss:4  | Got an abyssal rune of Zot
 56377 | Elf:3    | Escaped the Abyss
 56807 | Elf:3    | Identified the +3 sling "Urankide" {antimagic, rCorr Int+2
                  | Stlth-}
 56807 | Elf:3    | Identified the +0 leather armour of Gallantry {Rampage
                  | rElec Dex+3}
 56886 | Elf:3    | Paralysed by an air elemental for 1 turns
 57057 | Elf:3    | Identified the +9 dagger "Demon's Demise" {elec, Fragile
                  | rF+ rN+ SInv}
 57061 | Abyss:4  | Cast into level 4 of the Abyss (a deep elf demonologist)
 57088 | Abyss:4  | Noticed a bone dragon
 57095 | Abyss:4  | Killed a bone dragon
 57105 | Abyss:4  | Noticed a bone dragon
 57113 | Abyss:4  | HP: 2/122 [Hell Sentinel/damnation (26)]
 57116 | Abyss:4  | Killed from afar by a Hell Sentinel

Illustrated notes

Levels and vault maps discovered:
D:1:      tarquinn_simple_flora_water_a, layout_basic
D:2:      layout_rooms
D:3:      kennysheep_slugbush, layout_basic, marbit_many_paths,
          nicolae_gozag_cash_rules_everything_around_me, uniq_grinder
D:4:      black_bear_nest_2, layout_loops_cross,
          worldfamousw_hep_ancestral_shrine, cheibrodos_sewer_entry_sluice
D:5:      layout_basic, bloody_makhleb, gammafunk_temple_overflow_pools,
          serial_glass, glass_columns_a, glass_columns_b,
          nicolae_take_the_stairs
D:6:      layout_basic, minmay_between, uniq_maggie, uniq_edmund, uniq_eustachio
D:7:      layout_rooms, minmay_temple_entry_water_ring, enter_bailey_5,
          st_stairs_1, uniq_prince_ribbit1
D:8:      layout_basic, grunt_temple_overflow_magic_moments,
          okawaru_altar_gauntlet_db, mainiacjoe_overflow_alcove_1, st_stairs_4,
          kennysheep_crisscross, feat_on_display
D:9:      layout_long_grid, elyvilon_altar_5, hiddenorc1_lemuel,
          minmay_stone_trees_small
D:10:     cheibrodos_iron_armory, layout_gridville, due_lair_maze_entry_diamond
D:11:     layout_irregular_city, uniq_sonja
D:12:     layout_basic
D:13:     layout_basic, hangedman_vaults_entry_quadrant_bands
D:14:     layout_loops_ring, nemelex_spade_bored_becter, serial_shops,
          nicolae_shop_tiny_statue_garden, uniq_kirke, uniq_roxanne
D:15:     grunt_enter_depths_magical_seal, layout_grid_maze,
          kiku_gazebo_garden_becter, serial_shops, shop,
          ashenzari_conservatory_becter
Lair:1:   layout_chaotic_city, maelrawn_ghost_gauntlet_escape,
          cheibrodos_lair_lostbears
Lair:2:   cheibrodos_lair_river_kwai, layout_regular_city, enter_volcano_4,
          nicolae_quartered_pool_impasse, pdpol_lair_neglected_garden,
          minivault_25, minivault_19, lemuel_fruit_tree, serial_bayou_shore_b,
          serial_bayou_shore_b, uniq_harold, uniq_nergalle
Lair:3:   layout_long_grid, minmay_swamp_entry_reptiles, spider_nest_entry_a,
          chequers_serial_rivers_micro_b, eino_small_chamber_without_monster
Lair:4:   gammafunk_mikee_crab_dinner, layout_cave_pods, slime_entry_1,
          grunt_megastairs_4, uniq_snorg
Lair:5:   grunt_lair_end_beastmaster, layout_cave_pods, minivault_26,
          lemuel_centaur_altar
Swamp:1:  layout_basic_swamp, nicolae_swamp_orc_logging_accident, swamp_pool2
Swamp:2:  layout_falls_marsh, nicolae_swamp_tree_isthmus,
          hangedman_swamp_phenomena
Swamp:3:  layout_basic_swamp, hangedman_swamp_ruin_hall, swamp_pool5
Swamp:4:  swamp_pestilence, layout_basic_swamp, swamp_pool2,
          nicolae_swamp_vermiculated
Spider:1: layout_cave_pods, portal_ice_cave_entry_ice_statue_two
Spider:2: layout_spider_delve, hangedman_stitches_earthworm
Spider:3: layout_chambers, drop_trap, nicolae_arachne_temple,
          hangedman_spider_tarantella_strand
Spider:4: guppyfry_spider_rune, uniq_arachne, uniq_bai_suzhen, uniq_nikola
Orc:1:    layout_diamond_mine, basic_altar, uniq_erica
Orc:2:    st_orc_mages, layout_caves
Elf:1:    elf_arrival_001, layout_gridlike, serial_shops, shop,
          minmay_elf_necromancy, nicolae_shop_dragon_depot
Elf:2:    nicolae_elf_blades_splatter_lattice [nicolae_blade_bullseye],
          layout_onion_city, portal_desolation_entry_salt,
          nicolae_shop_i_like_big_books
Elf:3:    minmay_elf_hall_four_x, layout_rooms
Abyss:4:  base: D:10, hangedman_abyss_rune_flesh_and_stone,
          hangedman_abyss_rune_flesh_and_stone, guppyfry_abyss_exit_imp_island,
          hangedman_steaming_rock, base: Temple, spicy_abyss_pitcher_plant,
          lemuel_flamethrower_2, onia_ninara_dug_in_and_dangerous,
          hangedman_abyss_overflow_altar

Skill      XL: |  1  2  3  4  5  6  7  8  9 10 11 12 13 14 15 16 17 18 19 20 21 |
---------------+----------------------------------------------------------------+-----
Earth Magic    | 4 6 7 8 10 11 12 13 14 16 17 18 19 20 21 22 | 22.5
Spellcasting   | 3 4 5 6 7 9 10 11 12 13 14 15 16 17 18 19 | 19.5
Conjurations   | 1 7 10 12 14 15 16 17 18 19 20 | 20.2
Fighting       | 1 5 7 9 10 | 10.2
Armour         | 1 5 7 9 10 | 10.3
Dodging        | 2 4 5 7 8 |  8.0
Shields        | 5 8 10 11 | 11.5
Summonings     | 4 8 |  8.0
Stealth        | |  2.2
Transmutations | |  0.7

Action                     |  1- 3 |  4- 6 |  7- 9 | 10-12 | 13-15 | 16-18 | 19-21 || total
---------------------------+-------+-------+-------+-------+-------+-------+-------++-------
  Melee: Unarmed           |     2 |       |       |       |       |       |       ||     2
         Dagger            |       |       |       |    11 |     5 |       |       ||    16
         Staff             |       |       |       |       |     3 |    27 |       ||    30
         Short sword       |       |       |       |       |       |    10 |    12 ||    22
   Cast: Sandblast         |    49 |    39 |   160 |   191 |   263 |   162 |   240 ||  1104
         Petrify           |       |       |     2 |       |     5 |       |       ||     7
         Stone Arrow       |       |       |     5 |   150 |   113 |    16 |     3 ||   287
         Iron Shot         |       |       |       |    30 |   149 |   214 |    58 ||   451
         Borgnjor's Vile C |       |       |       |    12 |    57 |     4 |       ||    73
         Blink             |       |       |       |     1 |     6 |     5 |       ||    12
         Passwall          |       |       |       |       |     2 |     1 |       ||     3
         Lee's Rapid Decon |       |       |       |       |    10 |   108 |    98 ||   216
         Orb of Destructio |       |       |       |       |       |    39 |    11 ||    50
         Iskenderun's Batt |       |       |       |       |       |    53 |    16 ||    69
         Lehudib's Crystal |       |       |       |       |       |    56 |    82 ||   138
         Spellforged Servi |       |       |       |       |       |       |    50 ||    50
 Invoke: Call Merchant     |       |       |       |       |       |     1 |     2 ||     3
         Potion Petition   |       |       |       |       |       |       |     1 ||     1
  Evoke: Wand              |       |     3 |     6 |       |       |     4 |       ||    13
         Lightning rod     |       |       |       |       |       |     6 |       ||     6
    Use: Scroll            |       |     7 |     5 |    12 |    12 |     9 |     7 ||    52
         Potion            |       |       |       |     1 |     3 |     3 |     8 ||    15
   Stab: Paralysed         |       |       |       |       |       |       |     3 ||     3
 Armour: Robe              |     2 |     2 |    29 |   105 |   205 |   310 |    81 ||   734
  Dodge: Dodged            |     7 |    13 |    59 |   157 |   191 |   276 |    84 ||   787
  Block: Other             |       |       |       |       |     5 |    88 |       ||    93
         Buckler           |       |       |       |       |       |    37 |       ||    37
         Reflection        |       |       |       |       |       |     6 |    37 ||    43
         Kite shield       |       |       |       |       |       |       |   172 ||   172
